Map: Odyssey LE

Players

malice - Winner!

  • Race: Protoss Protoss
  • League: Platinum
  • Spawn Location: 11:00

Juxtapose

  • Race: Terran Terran
  • League: Gold
  • Spawn Location: 5:00

VOD

https://youtu.be/SJcV6w_z78M

Description

This is one of the first Protoss opponents this Season to survive my initial Marine and Cyclone rush, so kudos to him.

This was an amazingly fun game, though I was severely out-macroed. I also really should have made a single Raven to deal with those pesky Observers that I knew where there.

Time

  • Played on: Dec. 24, 2017, 4:30 p.m.
  • Length: 16:53
Show
View Real Time Build Order
Export as new Build Order

malice Protoss - Winner!

Build Orders: Double Forge 

Get SALT Encoding   

  12  0:00  Probe  
  13  0:13  Probe  
  14  0:19  Pylon  
  14  0:25  Probe  
  15  0:37  Probe  
  15  0:40  Gateway  
  16  0:49  Probe  
  17  0:56  Assimilator  
  17  1:00  Assimilator  
  17  1:01  Probe  
  18  1:13  Probe  
  19  1:28  Cybernetics Core  
  19  1:55  Nexus  
  19  1:59  Probe (Chrono Boost)  
  20  2:02  Warp Gate (Chrono Boost)  
  20  2:05  Stalker  
  23  2:09  Probe (Chrono Boost)  
  23  2:21  Pylon  
  23  2:31  Pylon  
  23  2:41  Pylon  
  23  2:42  Stalker  
  25  2:45  Pylon  
  26  2:51  Probe  
  26  3:03  Probe  
  27  3:08  Probe  
  28  3:20  Probe  
  29  3:34  Probe  
  29  3:36  Probe  
  31  3:43  Robotics Facility  
  31  3:46  Probe, Gateway  
  31  3:47  Gateway  
  31  3:48  Probe  
  33  3:49  Gateway  
  33  3:58  Shield Battery  
  33  4:02  Shield Battery  
  33  4:05  Probe  
  33  4:06  Assimilator, Probe  
  33  4:08  Assimilator  
  35  4:12  Sentry  
  37  4:17  Probe  
  37  4:18  Probe  
  39  4:29  Probe  
  39  4:30  Probe  
  41  4:40  Zealot  
  41  4:41  Probe  
  41  4:42  Probe  
  45  4:52  Observer  
  46  4:53  Probe  
  46  4:59  Forge x2  
  47  5:02  Probe (Chrono Boost)  
  49  5:11  Probe (Chrono Boost)  
  49  5:12  Zealot x4  
  49  5:14  Observer, Probe (Chrono Boost)  
  59  5:19  Probe (Chrono Boost)  
  59  5:20  Probe (Chrono Boost)  
  61  5:34  Stalker  
  61  5:35  Stalker x2  
  63  5:47  Zealot  
  51  6:00  Zealot x3  
  51  6:14  Pylon  
  51  6:18  Pylon  
  49  6:27  Stalker x2  
  49  6:28  Stalker x2  
  57  6:49  Nexus  
  57  6:51  Stalker, Pylon  
  57  6:52  Stalker x2  
  57  6:53  Pylon, Zealot  
  57  6:54  Immortal (Chrono Boost)  
  65  6:56  Assimilator  
  65  7:00  Assimilator  
  69  7:03  Pylon  
  69  7:05  Probe x2  
  71  7:10  Protoss Ground Armor Level 1, Protoss Ground Weapons Level 1  
  71  7:16  Photon Cannon  
  71  7:17  Probe x2  
  73  7:23  Zealot  
  73  7:24  Zealot  
  73  7:26  Immortal (Chrono Boost)  
  73  7:29  Probe x2  
  83  7:35  Stalker x2  
  87  8:01  Immortal (Chrono Boost)  
  91  8:16  Probe  
  91  8:18  Probe  
  93  8:21  Probe  
  94  8:28  Probe  
  94  8:30  Probe  
  94  8:31  Immortal (Chrono Boost)  
  94  8:33  Probe  
  101  8:45  Twilight Council  
  101  8:50  Gateway  
  101  8:51  Gateway  
  101  8:54  Photon Cannon  
  101  8:56  Photon Cannon  
  101  9:01  Photon Cannon  
  101  9:02  Probe  
  102  9:03  Probe x2, Pylon  
  102  9:07  Pylon  
  104  9:14  Probe  
  104  9:15  Probe x2  
  107  9:31  Robotics Bay  
  107  9:32  Protoss Ground Armor Level 2 (Chrono Boost), Protoss Ground Weapons Level 2 (Chrono Boost)  
  107  9:43  Nexus  
  107  9:47  Pylon  
  107  9:49  Photon Cannon, Pylon  
  107  9:50  Pylon  
  107  9:52  Pylon  
  107  9:54  Gateway  
  107  9:55  Gateway  
  107  9:56  Assimilator  
  107  9:57  Gateway  
  107  10:01  Templar Archives  
  107  10:04  Photon Cannon  
  107  10:07  Photon Cannon, Zealot x2  
  107  10:08  Zealot x3  
  107  10:12  Charge (Chrono Boost)  
  117  10:20  Zealot  
  119  10:32  Stalker x4  
  119  10:33  Stalker  
  129  10:41  Stalker  
  105  11:09  Stalker x5  
  105  11:10  Stalker  
  77  11:32  Immortal  
  79  11:37  Psionic Storm  
  79  11:43  Extended Thermal Lance  
  79  11:51  High Templar x2  
  79  11:52  High Templar x4  
  91  11:55  Archon  
  91  11:56  Archon x2  
  91  12:11  Immortal  
  95  12:16  High Templar x3  
  101  12:25  Zealot x2  
  101  12:26  Zealot x4  
  113  12:40  Shield Battery  
  113  12:42  Shield Battery  
  113  12:44  Shield Battery  
  113  12:47  Stalker, Photon Cannon  
  113  12:48  Stalker x5  
  113  12:49  Stalker x2  
  113  12:50  Colossus (Chrono Boost)  
  113  12:51  Photon Cannon  
  135  12:52  Zealot  
  125  13:14  Archon  
  125  13:26  Stalker x5  
  135  13:27  Stalker x2  
  135  13:28  Zealot x2  
  143  13:39  Blink (Chrono Boost)  
  143  13:41  Colossus (Chrono Boost)  
  149  13:49  High Templar x3  
  149  13:50  High Templar x6  
  167  14:21  Warp Prism (Chrono Boost)  
  169  14:33  Stalker  
  169  14:34  Stalker x4  
  179  14:43  Pylon  
  179  14:45  Pylon  
  179  14:49  Pylon  
  179  14:51  Pylon  
  179  14:58  Pylon  
  179  15:31  High Templar x3  
  179  15:32  High Templar x3  
  179  15:33  High Templar x3  
  197  15:36  Archon  
  197  15:37  Archon x3  
  197  15:45  Archon  
Show
View Real Time Build Order
Export as new Build Order

Juxtapose Terran 

Build Orders:  

Get SALT Encoding   

  12  0:01  SCV  
  13  0:13  SCV  
  14  0:21  Supply Depot  
  14  0:25  SCV  
  15  0:43  SCV  
  15  0:45  Barracks  
  15  0:48  Supply Depot  
  16  0:55  SCV  
  17  0:59  Refinery  
  17  1:07  SCV  
  17  1:10  Refinery  
  18  1:19  SCV  
  19  1:32  Orbital Command  
  19  1:44  Marine  
  20  1:53  Engineering Bay  
  20  2:01  SCV  
  21  2:06  Factory  
  21  2:13  Barracks Reactor, SCV  
  22  2:28  SCV  
  23  2:37  Missile Turret  
  23  2:40  SCV  
  23  2:41  Terran Infantry Weapons Level 1  
  24  2:50  Factory Reactor  
  24  2:51  Marine x2  
  25  2:55  SCV  
  27  3:08  Marine  
  27  3:09  Marine  
  27  3:11  Supply Depot  
  29  3:26  Marine x2  
  31  3:32  Cyclone x2  
  37  3:36  Supply Depot  
  37  3:39  Supply Depot  
  36  3:44  Marine x2  
  38  3:57  Starport  
  38  4:02  Marine x2  
  40  4:07  Cyclone x2  
  46  4:20  Marine x2  
  48  4:25  Supply Depot  
  48  4:34  Starport Tech Lab  
  48  4:38  Marine x2  
  50  4:39  Cyclone  
  53  4:51  Terran Infantry Armor Level 1  
  53  4:57  Marine x2  
  55  5:08  Cyclone  
  58  5:16  Marine  
  58  5:19  Command Center  
  36  6:03  Marine x2  
  38  6:04  Cyclone x2  
  35  6:23  Medivac  
  35  6:25  Marine x2  
  39  6:33  Orbital Command  
  39  6:36  Missile Turret  
  39  6:39  Cyclone  
  42  6:43  Marine x2  
  44  6:53  Medivac  
  46  6:54  SCV  
  46  6:58  Cyclone  
  46  7:00  Marine  
  46  7:01  Refinery, Marine  
  52  7:06  SCV  
  53  7:09  Liberator  
  53  7:11  SCV  
  54  7:18  Marine x2, SCV  
  57  7:23  SCV  
  61  7:30  SCV  
  61  7:35  SCV  
  61  7:36  Marine x2  
  65  7:42  SCV  
  66  7:47  SCV  
  67  7:54  Marine x2, SCV  
  67  7:55  Cyclone x2  
  76  7:59  SCV  
  77  8:07  SCV  
  78  8:16  Refinery  
  78  8:23  Supply Depot  
  78  8:40  Bunker  
  78  8:43  Command Center  
  78  8:44  Marine x2, SCV  
  78  8:45  Supply Depot  
  81  8:53  SCV  
  82  8:56  SCV  
  83  9:03  Barracks  
  83  9:05  Starport  
  83  9:06  Marine x2  
  83  9:08  Cyclone x2  
  91  9:21  Building Armor  
  91  9:24  Marine x2  
  91  9:31  Supply Depot  
  93  9:35  Liberator  
  93  9:42  Marine  
  94  9:52  Marine, Cyclone, SCV  
  102  9:54  Supply Depot  
  102  10:04  SCV  
  103  10:08  Marine x2  
  103  10:13  Planetary Fortress  
  105  10:15  SCV  
  105  10:17  SCV  
  107  10:23  Marine  
  107  10:26  Marine  
  107  10:27  Barracks Tech Lab  
  109  10:29  Starport Reactor  
  109  10:33  Cyclone x2  
  115  10:41  Marine  
  116  10:43  Marine  
  106  10:59  Marine  
  99  11:04  Marine x2  
  89  11:12  Liberator x2  
  89  11:16  Marine  
  71  11:27  Marine x2  
  71  11:28  Cyclone x2  
  75  11:34  Marine  
  75  11:39  SCV x3  
  77  11:45  Marine x2  
  79  11:48  Medivac  
  79  11:51  SCV  
  79  11:52  Marine  
  83  11:55  Armory  
  83  12:00  Cyclone  
  83  12:01  Cyclone  
  89  12:02  Marine x2  
  89  12:05  Refinery  
  89  12:06  Refinery  
  91  12:10  Marine  
  91  12:12  Combat Shields  
  91  12:15  Liberator  
  92  12:20  Marine  
  93  12:27  Marine  
  93  12:28  Marine  
  95  12:33  Cyclone x2  
  104  12:38  Liberator x2, Marine  
  105  12:54  Marine x2  
  113  13:02  Liberator  
  113  13:05  Cyclone x2  
  98  13:16  Marine x3  
  78  13:30  Terran Vehicle Weapons Level 1  
  78  13:31  Stimpack  
  78  13:33  Marine  
  79  13:37  Cyclone x2  
  79  13:41  SCV  
  86  13:46  Marine x2  
  88  13:51  Marine  
  88  13:52  Medivac  
  88  13:53  SCV  
  92  14:02  Medivac  
  94  14:04  Marauder  
  94  14:05  SCV  
  94  14:09  Cyclone x2  
  103  14:11  Marine x2  
  105  14:18  Terran Infantry Weapons Level 2  
  105  14:20  Barracks  
  105  14:26  Marauder  
  105  14:29  Marine x2  
  109  14:41  Cyclone x2  
  115  14:47  Marine x2, Marauder  
  119  15:00  Command Center  
  119  15:01  Supply Depot  
  119  15:04  Marine x2  
  111  15:09  Marauder  
  108  15:22  Marine x2  
  108  15:25  Supply Depot  
  109  15:30  Marauder  
  109  15:32  Concussive Shells  
  111  15:40  Marine x2  
  113  15:42  Command Center  
  113  15:50  Medivac x2  
  113  15:51  Marauder  
  113  15:52  Viking  
  121  15:58  Marine x2  
  101  16:13  Marauder  
  101  16:16  Marine x2  
  57  16:20  Medivac  
  57  16:22  Viking  
  49  16:33  Marine  
  49  16:34  Marine  
Tags
 
Add a new tag
Caveats
  • Supply blocks, unpowered buildings, or Contaminate may cause inaccurate times.
  • Supply counts are checked every 10 seconds.